 Dungeon Crawl Stone Soup version 0.23.1 (webtiles) character file.

Game seed: 6912598917282150485

16 Borgoz the Sneak (level 2, 0/20 (22) HPs)
             Began as a Ghoul Enchanter on Mar 3, 2019.
             Killed from afar by an orc wizard (4 damage)
             ... with a puff of frost
             ... on level 2 of the Dungeon.
             The game lasted 00:01:48 (849 turns).

Borgoz the Sneak (Ghoul Enchanter)                   Turns: 849, Time: 00:01:49

HP:   0/20 (22)     AC:  5    Str: 11    XL:     2   Next: 54%
MP:   3/3           EV: 10    Int: 10    God:
Gold: 35            SH:  0    Dex:  9    Spells: 3/4 levels left

rFire    . . .     SeeInvis .   h - +3 dagger
rCold    + . .     Gourm    .   (no shield)
rNeg     + + +     Faith    .   i - +0 ring mail
rPois    ∞         Spirit   .   (no helmet)
rElec    .         Reflect  .   (no cloak)
rCorr    .         Harm     .   (no gloves)
MR       .....                  (no boots)
Stlth    +.........             (no amulet)
HPRegen  0.00/turn              (no ring)
MPRegen  0.08/turn              (no ring)

@: rotting
A: rotting body, claws 1, carnivore, cold resistance 1, negative energy
resistance 3, inhibited regeneration, torment resistance, unbreathing
a: no special abilities


You were on level 2 of the Dungeon.
You were not hungry.

You visited 1 branch of the dungeon, and saw 3 of its levels.

You collected 35 gold pieces.

Inventory:

Hand Weapons
 h - a +3 dagger (weapon)
Armour
 i - a +0 ring mail (worn)
Scrolls
 g - a scroll of remove curse {unknown}
 j - 2 scrolls of identify {unknown}
Potions
 a - a potion of mutation {unknown}
 b - a potion of lignification {unknown}
 c - a potion of berserk rage {unknown}
 e - a potion of agility {unknown}
 f - 2 potions of brilliance {unknown}
Comestibles
 d - 2 rations


   Skills:
 + Level 0.7 Fighting
 * Level 1.3 Short Blades
 + Level 0.4 Armour
 * Level 2.1 Dodging
 - Level 3.2 Stealth
 - Level 1.7 Spellcasting
 - Level 2.4 Hexes


You had 3 spell levels left.
You knew the following spells:

 Your Spells              Type           Power        Failure   Level  Hunger
a - Corona                Hex            #......      28%         1    ##.....

Your spell library contained the following spells:

 Spells                   Type           Power        Failure   Level  Hunger
 Ensorcelled Hibernation  Hex/Ice        #.....       58%         2    ###....
 Confuse                  Hex            #.......     65%         3    ####...
 Tukima's Dance           Hex            #.......     65%         3    ####...
 Dazzling Spray           Conj/Hex       #.....       82%         3    ####...


Dungeon Overview and Level Annotations

Branches:
Dungeon (3/15)

Altars:


Innate Abilities, Weirdness & Mutations

Your body is rotting away.
You thrive on raw meat.
You are immune to poison.
You have sharp fingernails.
You are carnivorous and can eat meat at any time.
Your flesh is cold resistant. (rC+)
You are immune to negative energy. (rN+++)
You do not regenerate when monsters are visible.
You are immune to unholy pain and torment.
You can survive without breathing.


Message History

You closely miss the orc wizard.
The orc wizard is lightly wounded.
The orc hits you but does no damage.
The orc wizard gestures wildly while chanting.
The orc wizard seems to speed up.
You hit the orc wizard.
The orc wizard is lightly wounded.
The orc barely misses you.
The orc wizard hits you but does no damage.
You hit the orc wizard.
The orc wizard is moderately wounded.
The orc wizard gestures at you while chanting.
The puff of flame hits you!
Ouch! That really hurt!
* * * LOW HITPOINT WARNING * * *
The orc hits you.
* * * LOW HITPOINT WARNING * * *
The orc wizard points at you and mumbles some strange words.
The puff of frost hits you. You resist.
You die...

#.#####.#.........#
#........########.#
####.....# #.#
#########.....# #.#
.#≈#..........#
####.#
.#≈#.....######
#....# ..≈......#
####.####
..≈......#######.o..#
..≈......#..>...@####
.#≈#######.....o.#
.#≈#######.......#
^#≈#.............#
##########...[...#
#.....<.# ####....#
#.<..# ######(...#


You could see an orc wizard and an orc.

Vanquished Creatures
  A leopard gecko (D:1)
  A ball python (D:2)
  A bat (D:2)
  A giant cockroach (D:2)
  3 goblins (D:1)
  2 hobgoblins (D:2)
  A frilled lizard (D:2)
  A kobold (D:1)
  2 rats
13 creatures vanquished.

Notes
Turn   | Place    | Note
-------+----------+-------------------------------------------
     0 | D:1      | Borgoz the Ghoul Enchanter began the quest for the Orb.
     0 | D:1      | Reached XP level 1. HP: 14/14 MP: 2/2
    42 | D:1      | Reached skill level 1 in Short Blades
   661 | D:1      | Reached XP level 2. HP: 22/22 MP: 3/3
   849 | D:2      | Killed from afar by an orc wizard

Skill      XL: |  1 |
---------------+----+-----
Short Blades   | 1 |  1.3
Dodging        | 2 |  2.1
Fighting       | |  0.7
Armour         | |  0.4
Stealth        | |  3.2
Spellcasting   | |  1.7
Hexes          | |  2.4

Action                   || total
-------------------------++-------
Melee: Dagger            ||    46
 Stab: Sleeping          ||     4
       Distracted        ||     1
  Eat: Chunk             ||     3
Armor: Ring mail         ||    18
Dodge: Dodged            ||    26
